 Dungeon Crawl Stone Soup version 0.19.1 (webtiles) character file.

385 empire the Firebug (level 6, -2/32 HPs)
             Began as a Tengu Fire Elementalist on Dec 14, 2016.
             Killed by nerve-wracking pain
             ... invoked by an orc priest
              (13 damage)
             ... on level 4 of the Dungeon.
             The game lasted 00:10:36 (4129 turns).

empire the Firebug (Tengu Fire Elementalist)        Turns: 4129, Time: 00:10:37

Health: -2/32      AC:  5    Str:  5 (8)  XL:     6   Next: 77%
Magic:  2/13       EV: 18    Int: 21 (22) God:
Gold:   223        SH:  0    Dex: 19 (20) Spells: 3 memorised, 3 levels left

rFire  . . .     SeeInvis +     a - +2 short sword (drain)
rCold  . . .     Gourm    .     e - +0 robe
rNeg   . . .     Faith    .     (no shield)
rPois  .         Spirit   .     (helmet restricted)
rElec  .         Reflect  .     u - +2 cloak
rCorr  .         Harm     .     (no gloves)
MR     .....                    (boots unavailable)
Stlth  +++.......               (no amulet)
                                (no ring)
                                h - ring of see invisible

@: brilliant, agile
A: beak, talons 3, able to fly 1
a: Fly


You were on level 4 of the Dungeon.
You were hungry.

You visited 1 branch of the dungeon, and saw 4 of its levels.

You collected 223 gold pieces.

Inventory:

Hand Weapons
 a - a +2 short sword of draining (weapon)
 b - a +1 dagger of draining
 s - a +0 dagger
 w - a +0 falchion
Missiles
 j - 5 javelins (quivered)
 l - 17 arrows
 m - 16 poisoned needles
 t - 20 bolts
Armour
 e - a +0 robe (worn)
 o - a +0 leather armour
 u - a +2 cloak (worn)
Jewellery
 h - a ring of see invisible (left hand)
Scrolls
 k - 4 scrolls of remove curse
 p - 4 scrolls of identify
Potions
 q - a potion of agility
 r - a potion of brilliance
Books
 v - a book of Flames

   Spells                             Type                      Level
   a - Flame Tongue                   Conjuration/Fire             1
   b - Throw Flame                    Conjuration/Fire             2
   c - Conjure Flame                  Conjuration/Fire             3
   d - Inner Flame                    Hexes/Fire                   3
   e - Sticky Flame                   Conjuration/Fire             4
   f - Fireball                       Conjuration/Fire             5
Comestibles
 c - 5 bread rations
 f - 7 chunks of flesh
 g - 4 fruits
 n - a meat ration
 x - a beef jerky


   Skills:
 - Level 2.1 Dodging
 - Level 2.0 Stealth
 + Level 4.0 Spellcasting
 + Level 5.1 Conjurations
 + Level 5.4 Fire Magic


You had 3 spell levels left.
You knew the following spells:

 Your Spells              Type           Power        Failure   Level  Hunger
a - Flame Tongue          Conj/Fire      #####        1%          1    None
b - Sticky Flame          Conj/Fire      #####...     2%          4    ####...
c - Fireball              Conj/Fire      #####.....   5%          5    ######.


Dungeon Overview and Level Annotations

Branches:
Dungeon (4/15)
 Temple: D:4-7

Altars:

Annotations:
D:4 empire's ghost, amateur DrWr


Innate Abilities, Weirdness & Mutations

You have a beak for a mouth.
You have claws for feet.
You can fly.


Message History

Casting: Sticky Flame
Confirm with . or Enter, or press ? or * to list all spells.
Aiming: Sticky Flame
Press: ? - help, Shift-Dir - straight line, f - orc wizard
Aim: an orc wizard, wielding a dagger and wearing a robe (heavily wounded, slightly transparent, heavily drained)
The sticky flame hits the orc wizard.
The orc wizard is almost dead.
The orc wizard is covered in liquid flames!
The orc wizard burns!
The orc wizard barely misses you.
The orc priest calls upon Beogh to heal the orc wizard.
The orc wizard is healed somewhat.
The orc wizard burns!
The orc wizard burns!
You kill the orc wizard!
Your Spellcasting skill increases to level 4!
You open the door.
There is an open door here.
The orc priest mumbles some strange prayers to Beogh against you.
Pain shoots through your body!
You die...

#..........#.....######
#.###.###..............
###.###.#
##.###.########
........# ### #.#
###.W.### #.# ###.#
##'## #.# ##...## #.##
##.....## #..##
##...@...##
#####...####.........#
.#... .#
.......)†..'....o....+
.... ..
###.....####.......>.##
#...#.# . #.##.##
##.......###.#.....#..
#.#### ##.....##
.......#.. #.# ##...##
#........ ... ##'##
#.......# #.. #.# #.#


You could see an orc priest.

Vanquished Creatures
  An ogre (D:4)
  3 orc priests
  A hound (D:4)
  An orc wizard (D:4)
  A worker ant (D:4)
  2 adders
  3 oozes
  A worm (D:2)
  2 dart slugs
  2 leopard geckos
  11 orcs
  7 bats
  4 giant cockroaches
  9 goblins
  9 hobgoblins
  2 quokkas
  2 ball pythons (D:1)
  2 frilled lizards
  4 kobolds
  4 rats (D:1)
71 creatures vanquished.

Vanquished Creatures (others)
  An orc wizard (D:3)
1 creature vanquished.

Grand Total: 72 creatures vanquished

Notes
Turn   | Place    | Note
-------+----------+-------------------------------------------
     0 | D:1      | empire the Tengu Fire Elementalist began the quest for the Orb.
     0 | D:1      | Reached XP level 1. HP: 10/10 MP: 4/4
   145 | D:1      | Reached XP level 2. HP: 3/15 MP: 0/6
   586 | D:1      | Reached XP level 3. HP: 17/19 MP: 3/7
  1723 | D:3      | Reached XP level 4. HP: 24/24 MP: 9/9
  2469 | D:3      | Gained mutation: You can fly. [Tengu growth]
  2469 | D:3      | Reached XP level 5. HP: 26/28 MP: 10/10
  2696 | D:3      | Learned a level 4 spell: Sticky Flame
  2702 | D:3      | Learned a level 5 spell: Fireball
  3626 | D:4      | Noticed empire's ghost (amateur DrWr)
  3844 | D:4      | Reached XP level 6. HP: 32/32 MP: 7/12
  3931 | D:4      | Reached skill level 5 in Fire Magic
  4077 | D:4      | Reached skill level 5 in Conjurations
  4116 | D:4      | HP: 1/32 [orc wizard/dagger (1)]
  4129 | D:4      | Killed from afar by an orc priest

Skill      XL: |  1  2  3  4  5  6 |
---------------+-------------------+-----
Conjurations   | 2 3 4 5 |  5.1
Fire Magic     | 4 5 |  5.4
Spellcasting   | 3 4 |  4.0
Dodging        | |  2.1
Stealth        | |  2.0

Action                   |  1- 3 |  4- 6 || total
-------------------------+-------+-------++-------
Melee: Dagger            |    25 |     6 ||    31
       Kick              |     3 |     6 ||     9
       Peck              |     3 |     5 ||     8
       Short sword       |       |    41 ||    41
 Cast: Flame Tongue      |    50 |    39 ||    89
       Sticky Flame      |       |     8 ||     8
  Use: Scroll            |     6 |     1 ||     7
       Potion            |       |     6 ||     6
 Stab: Sleeping          |     1 |     1 ||     2
  Eat: Chunk             |     3 |     9 ||    12
Armor: Robe              |     9 |    18 ||    27
Dodge: Dodged            |    30 |    53 ||    83
